 Dungeon Crawl Stone Soup version 0.21.1-1-g345015f (webtiles) character file.

20040 Monsterracer the Thaumaturge (level 12, -4/91 HPs)
             Began as a Gnoll Wizard on Feb 14, 2018.
             Was an Elder of Sif Muna.
             Slain by an ice devil (22 damage)
             ... on level 3 of the Lair of Beasts.
             The game lasted 00:28:04 (20009 turns).

Monsterracer the Thaumaturge (Gnoll Wizard)        Turns: 20009, Time: 00:28:04

Health: -4/91      AC: 12    Str: 10    XL:     12   Next: 75%
Magic:  31/35      EV: 17    Int: 30    God:    Sif Muna [****..]
Gold:   969        SH:  0    Dex: 15    Spells: 10/31 levels left

rFire    . . .     SeeInvis +   a - +3 quarterstaff (flame)
rCold    . . .     Gourm    .   (shield currently unavailable)
rNeg     . . .     Faith    +   B - +2 leather armour of Hiczuq {Dex+2 SInv}
rPois    .         Spirit   .   j - +2 helmet
rElec    .         Reflect  .   A - +2 cloak
rCorr    .         Harm     .   (no gloves)
MR       .....                  (no boots)
Stlth    ++++......             s - amulet of faith
HPRegen  0.25/turn              v - +4 ring of intelligence
MPRegen  0.24/turn              G - ring of magical power

@: divine energy
A: distributed training, fangs 1, strong nose
a: Stop Divine Energy, Channel Magic, Forget Spell, Renounce Religion


You were on level 3 of the Lair of Beasts.
You worshipped Sif Muna.
Sif Muna was greatly pleased with you.
You were hungry.

You visited 3 branches of the dungeon, and saw 15 of its levels.
You also visited: Sewer.

You collected 1144 gold pieces.
You spent 175 gold pieces at shops.

Inventory:

Hand Weapons
 a - a +3 quarterstaff of flaming (weapon)
 b - a +2 dagger of venom
 w - a +0 trident
Missiles
 H - a throwing net (quivered)
Armour
 j - a +2 helmet (worn)
 A - a +2 cloak (worn)
 B - the +2 leather armour of Hiczuq (worn) {Dex+2 SInv}
   (You found it on level 5 of the Dungeon)

   It affects your dexterity (+2).
   It lets you see invisible.
Jewellery
 q - an uncursed amulet of rage
 s - an amulet of faith (around neck)
 v - a +4 ring of intelligence (left hand)
 G - a ring of magical power (right hand)
Wands
 f - a wand of flame (40)
 u - a wand of iceblast (19)
 D - a wand of enslavement (10)
 F - a wand of digging (21)
 I - a wand of acid (6)
 J - a wand of paralysis (4)
Scrolls
 e - a scroll of magic mapping {!r}
 i - 6 scrolls of remove curse
 l - 12 scrolls of teleportation
 o - 4 scrolls of fear {!r}
 y - 3 scrolls of blinking
 C - 3 scrolls of fog
 K - a scroll of enchant weapon
 L - a scroll of brand weapon
 N - 4 scrolls of identify
 P - a scroll of enchant armour
Potions
 d - 8 potions of heal wounds
 g - 3 potions of might
 h - 2 potions of magic
 k - a potion of agility
 m - 11 potions of curing
 n - 2 potions of berserk rage {!q}
 p - 2 potions of flight
 t - 4 potions of lignification
 x - 3 potions of brilliance
 z - 2 potions of invisibility
 E - a potion of cancellation
 M - a potion of resistance
Books
 r - a book of the Earth

   Spells                             Type                      Level
   a - Leda's Liquefaction            Hexes/Earth                  4
   b - Bolt of Magma                  Conjuration/Fire/Earth       5
   c - Statue Form                    Transmutation/Earth          6
   d - Iron Shot                      Conjuration/Earth            6
   e - Shatter                        Earth                        9
Miscellaneous
 O - a crystal ball of energy
Comestibles
 c - 29 rations


   Skills:
 + Level 7.4 Fighting
 + Level 7.4 Short Blades
 + Level 7.4 Long Blades
 + Level 7.4 Axes
 + Level 7.4 Maces & Flails
 + Level 7.4 Polearms
 + Level 7.4 Staves
 + Level 7.4 Slings
 + Level 7.4 Bows
 + Level 7.4 Crossbows
 + Level 7.4 Throwing
 + Level 7.4 Armour
 + Level 8.8 Dodging
 + Level 8.6 Stealth
 + Level 7.4 Shields
 + Level 7.4 Unarmed Combat
 + Level 10.3 Spellcasting
 + Level 6.6 Conjurations
 + Level 6.2 Hexes
 + Level 6.2 Charms
 + Level 6.6 Summonings
 + Level 6.2 Necromancy
 + Level 6.6 Translocations
 + Level 6.2 Transmutations
 + Level 6.2 Fire Magic
 + Level 6.2 Ice Magic
 + Level 6.2 Air Magic
 + Level 6.2 Earth Magic
 + Level 6.2 Poison Magic
 + Level 8.2 Invocations
 + Level 7.4 Evocations


You had 10 spell levels left.
You knew the following spells:

 Your Spells              Type           Power        Failure   Level  Hunger
a - Magic Dart            Conj           ####         1%          1    None
b - Conjure Flame         Conj/Fire      ######..     1%          3    None
c - Mephitic Cloud        Conj/Pois/Air  ######..     1%          3    None
e - Blink                 Tloc           N/A          1%          2    None
h - Statue Form           Tmut/Erth      ######...    45%         6    #####..
i - Iron Shot             Conj/Erth      ######....   43%         6    #####..


Dungeon Overview and Level Annotations

Branches:
Dungeon (11/15)            Temple (1/1) D:7            Lair (3/6) D:11
  Swamp: Lair:2-4    Shoals: Lair:2-4     Snake: Lair:2-4    Spider: Lair:2-4
    Orc: D:9-12

Altars:
Ashenzari
Cheibriados
Dithmenos
Elyvilon
Fedhas
Gozag
Hepliaklqana
Kikubaaqudgha
Makhleb
Nemelex Xobeh
Okawaru
Qazlal
Ru
Sif Muna
Trog
Uskayaw
Vehumet
Wu Jian
Xom
Yredelemnul
Zin
The Shining One

Shops:
D:10 ?

Portals:
Ice
Cave: Lair:3


Innate Abilities, Weirdness & Mutations

Your experience applies equally to all skills.
You have very sharp teeth.
Your uncanny sense of smell can sniff out nearby items.


Message History

The ice devil barely misses you.
You hit the ice devil.
The ice devil is moderately wounded.
The ice devil barely misses you.
You hit the ice devil but do no damage.
The ice devil is moderately wounded.
You open the door. The ice devil barely misses you. The ice devil misses you.
The ice devil hits you! The ice devil freezes you!!
The ice devil closely misses you.
There is an open door, spattered with blood here.
You take 28 damage, and have 63/91 hp.
MASSIVE DAMAGE!!
Your +3 quarterstaff of flaming bursts into flame!
a - a +3 quarterstaff of flaming (weapon)
You hear the steady crackling of a melting archway nearby.
You hit the ice devil. You burn the ice devil.
The ice devil is heavily wounded.
The ice devil misses you.
Found a stone staircase leading down.
Casting: Magic Dart
Confirm with . or Enter, or press ? or * to list all spells.
You blink.
You now have 28/35 mp.
Casting: Blink
Confirm with . or Enter, or press ? or * to list all spells.
Aiming: Magic Dart
Press: ? - help, Shift-Dir - straight line, f/p - ice devil
Aim: an ice devil (heavily wounded)
The magic dart hits the ice devil.
The ice devil is heavily wounded.
Casting: Magic Dart
Confirm with . or Enter, or press ? or * to list all spells.
Aiming: Magic Dart
Press: ? - help, Shift-Dir - straight line, f/p - ice devil
Aim: an ice devil (heavily wounded)
The magic dart hits the ice devil.
The ice devil is heavily wounded.
You now have 27/35 mp.
Casting: Magic Dart
Confirm with . or Enter, or press ? or * to list all spells.
Aiming: Magic Dart
Press: ? - help, Shift-Dir - straight line, f/p - ice devil
Aim: an ice devil (heavily wounded)
The magic dart hits the ice devil.
The ice devil is heavily wounded.
You now have 26/35 mp.
Casting: Magic Dart
Confirm with . or Enter, or press ? or * to list all spells.
Aiming: Magic Dart
Press: ? - help, Shift-Dir - straight line, f/p - ice devil
Aim: an ice devil (heavily wounded)
The magic dart hits the ice devil.
The ice devil is heavily wounded.
You now have 25/35 mp.
You hit the ice devil. You burn the ice devil.
The ice devil is lightly wounded.
The ice devil hits you. The ice devil freezes you!
You take 20 damage, and have 50/91 hp.
MASSIVE DAMAGE!!
You are feeling hungry.
You hit the ice devil but do no damage.
The ice devil is lightly wounded.
The ice devil misses you.
You sock the ice devil! You burn the ice devil.
The ice devil is heavily wounded.
The ice devil barely misses you.
You hit the ice devil. You burn the ice devil.
The ice devil is severely wounded.
The ice devil misses you.
You barely miss the ice devil.
You bite the ice devil, but do no damage.
The ice devil is severely wounded.
The ice devil misses you.
You thump the ice devil! You burn the ice devil.
The ice devil is almost dead.
The ice devil hits you. The ice devil freezes you!
* * * LOW HITPOINT WARNING * * *
You take 11 damage, and have 40/91 hp.
You completely miss the ice devil.
You bite the ice devil, but do no damage.
The ice devil is almost dead.
The ice devil hits you.
* * * LOW HITPOINT WARNING * * *
The ice devil freezes you!!
* * * LOW HITPOINT WARNING * * *
You take 21 damage, and have 19/91 hp.
MASSIVE DAMAGE!!
You hit the ice devil but do no damage.
The ice devil is almost dead.
The ice devil barely misses you.
You hit the ice devil. You burn the ice devil.
You kill the ice devil!
Sif Muna accepts your kill.
You hit the ice devil. You burn the ice devil.
The ice devil is heavily wounded.
The ice devil closely misses you.
You barely miss the ice devil.
You bite the ice devil, but do no damage.
The ice devil is heavily wounded.
The ice devil hits you.
* * * LOW HITPOINT WARNING * * *
The ice devil freezes you!!
You die...

#.......#.#....P#
#...............## #
#........<.#...#.###
##P#####..........#>.......
#............##...#........
#.#.+....÷.......#.........
#...##....##.............
+.⌠..†#...#..............
#.....##@##...#..........
###....##4...##..........
#..#.......##...........
##.#...⌠................
###....................
##.⌠...⌠.###.#........
#........#####........
##...⌠....P# #........
##.........# ..#.....


You could see an ice devil.

Vanquished Creatures
  Gastronok (Lair:1)
  2 hydras
  A two-headed ogre (D:9)
  The ghost of Autsider the Cleaver, a novice HOFi of Nemelex Xobeh (D:7)
  Pikel (D:6)
  An ugly thing (D:11)
  A manticore (D:11)
  Maurice (D:8)
  3 spiny frogs
  Psyche (D:8)
  2 komodo dragons
  The ghost of Agrougrou the Insei, a novice OpTm of Makhleb (D:5)
  2 rime drakes
  An ice devil (Lair:3)
  2 trolls
  Grinder (D:5)
  Prince Ribbit (D:7)
  5 blink frogs (Lair:1)
  3 hippogriffs
  12 yaks (D:11)
  Eustachio (D:4)
  5 basilisks (Lair:3)
  Edmund (D:5)
  Menkaure (D:5)
  A water moccasin (Lair:1)
  A porcupine (Lair:1)
  2 sky beasts
  Duvessa (D:4)
  3 orc warriors
  3 black bears (Lair:2)
  An ice beast (D:10)
  3 ogres
  3 phantoms
  2 necrophages
  A slave (D:6)
  A centaur (shapeshifter) (D:5)
  5 crocodiles
  4 big kobolds
  A wyvern zombie (D:10)
  12 bullfrogs
  Dowan (D:4)
  A water moccasin skeleton (D:4)
  7 scorpions
  5 wights (D:9)
  3 howler monkeys
  3 centaur zombies
  8 crimson imps
  2 bullfrog zombies (D:5)
  4 bullfrog skeletons
  4 hounds
  3 jellies
  Crazy Yiuf (D:3)
  11 orc priests
  2 centaur skeletons
  6 orc wizards
  A gnoll shaman (D:6)
  2 iguanas
  4 worker ants
  3 hound skeletons
  5 hound zombies
  2 howler monkey zombies (D:5)
  7 worker ant zombies
  16 adders
  12 gnolls
  A howler monkey skeleton (D:8)
  4 river rats (Sewer)
  2 shadow imps
  An adder skeleton (D:6)
  5 adder zombies
  2 worms (D:2)
  4 dart slugs
  14 leopard geckos
  36 orcs
  4 bats
  9 giant cockroaches
  22 hobgoblins
  17 jackals
  5 quokkas
  8 ball pythons
  9 frilled lizards
  36 goblins
  A jackal zombie (D:6)
  20 kobolds
  A leopard gecko zombie (D:5)
  2 quokka zombies
  21 rats
  A fungus (Lair:1)
433 creatures vanquished.

Vanquished Creatures (collateral kills)
  An orc (D:5)
1 creature vanquished.

Vanquished Creatures (others)
  2 slaves (D:6)
  A centaur (D:6)
  Blork the orc (D:6)
  A bullfrog (D:6)
  A centaur zombie (D:5)
  A hound zombie (D:5)
7 creatures vanquished.

Grand Total: 441 creatures vanquished

Notes
Turn   | Place    | Note
-------+----------+-------------------------------------------
     0 | D:1      | Monsterracer the Gnoll Wizard began the quest for the Orb.
     0 | D:1      | Reached XP level 1. HP: 13/13 MP: 8/8
   112 | D:1      | Reached XP level 2. HP: 19/19 MP: 1/10
   707 | D:1      | Reached XP level 3. HP: 25/25 MP: 8/11
   711 | D:1      | Learned a level 2 spell: Blink
   715 | D:1      | Learned a level 3 spell: Conjure Flame
   729 | D:1      | Learned a level 3 spell: Mephitic Cloud
  1056 | D:1      | Found a snail-covered altar of Cheibriados.
  1422 | D:2      | Reached skill level 1 in Invocations
  1464 | D:2      | Reached skill level 1 in Fighting
  1464 | D:2      | Reached skill level 1 in Short Blades
  1464 | D:2      | Reached skill level 1 in Long Blades
  1464 | D:2      | Reached skill level 1 in Axes
  1464 | D:2      | Reached skill level 1 in Maces & Flails
  1464 | D:2      | Reached skill level 1 in Polearms
  1464 | D:2      | Reached skill level 1 in Staves
  1464 | D:2      | Reached skill level 1 in Slings
  1464 | D:2      | Reached skill level 1 in Bows
  1464 | D:2      | Reached skill level 1 in Crossbows
  1464 | D:2      | Reached skill level 1 in Throwing
  1464 | D:2      | Reached skill level 1 in Armour
  1464 | D:2      | Reached skill level 1 in Shields
  1464 | D:2      | Reached skill level 1 in Unarmed Combat
  1464 | D:2      | Reached skill level 1 in Evocations
  1579 | D:2      | Reached XP level 4. HP: 32/32 MP: 7/13
  2142 | D:2      | You fall through a shaft for 2 floors!
  2199 | D:3      | Reached skill level 1 in Hexes
  2199 | D:3      | Reached skill level 1 in Charms
  2199 | D:3      | Reached skill level 1 in Necromancy
  2199 | D:3      | Reached skill level 1 in Transmutations
  2199 | D:3      | Reached skill level 1 in Fire Magic
  2199 | D:3      | Reached skill level 1 in Ice Magic
  2199 | D:3      | Reached skill level 1 in Air Magic
  2199 | D:3      | Reached skill level 1 in Earth Magic
  2199 | D:3      | Reached skill level 1 in Poison Magic
  2673 | D:3      | Found a runed door.
  2962 | D:3      | Reached XP level 5. HP: 37/37 MP: 11/14
  3182 | D:3      | Noticed a big kobold
  3465 | D:3      | Noticed a big kobold
  3476 | D:3      | Killed a big kobold
  3476 | D:3      | Reached XP level 6. HP: 44/44 MP: 4/16
  4447 | D:3      | Reached skill level 5 in Dodging
  4522 | D:3      | Noticed Crazy Yiuf
  4530 | D:3      | Killed Crazy Yiuf
  4872 | D:4      | Noticed Eustachio
  4887 | D:4      | Reached XP level 7. HP: 50/50 MP: 15/18
  4905 | D:4      | Killed Eustachio
  5138 | D:4      | Reached skill level 5 in Stealth
  5146 | D:4      | Learned a level 6 spell: Statue Form
  5548 | D:4      | Noticed Dowan
  5549 | D:4      | Noticed Duvessa
  5587 | D:4      | Killed Duvessa
  5587 | D:4      | Reached XP level 8. HP: 57/57 MP: 5/19
  5592 | D:4      | Killed Dowan
  5870 | D:5      | Entered Level 5 of the Dungeon
  5870 | D:5      | Noticed Agrougrou's ghost (novice OpTm)
  6013 | D:5      | Noticed Edmund
  6054 | D:5      | Killed Agrougrou's ghost
  6077 | D:5      | Killed Edmund
  6077 | D:5      | Reached skill level 8 in Spellcasting
  6723 | D:5      | Reached XP level 9. HP: 65/65 MP: 16/21
  6797 | D:5      | Noticed Grinder
  6802 | D:5      | Paralysed by Grinder for 3 turns
  6814 | D:5      | Killed Grinder
  7101 | D:5      | Noticed Menkaure
  7117 | D:5      | Killed Menkaure
  7697 | D:5      | Got a smoking leather armour
  7720 | D:5      | Identified the +2 leather armour of Hiczuq {Dex+2 SInv} (You found it on level 5 of the Dungeon)
  7899 | D:6      | Found a bloodstained altar of Trog.
  7952 | D:6      | Found a glowing drain.
  7978 | Sewer    | Entered a sewer
  8496 | D:6      | Noticed Pikel
  8546 | D:6      | Killed Pikel
  8546 | D:6      | Reached skill level 5 in Invocations
  8599 | D:6      | Killed Blork the orc
  8870 | D:6      | Found a shadowy altar of Dithmenos.
  9222 | D:6      | Reached XP level 10. HP: 73/73 MP: 22/22
  9775 | D:7      | Noticed Autsider's ghost (novice HOFi)
  9793 | D:7      | Killed Autsider's ghost
  9907 | D:7      | Found a staircase to the Ecumenical Temple.
  9912 | D:7      | Reached skill level 5 in Fighting
  9912 | D:7      | Reached skill level 5 in Short Blades
  9912 | D:7      | Reached skill level 5 in Long Blades
  9912 | D:7      | Reached skill level 5 in Axes
  9912 | D:7      | Reached skill level 5 in Maces & Flails
  9912 | D:7      | Reached skill level 5 in Polearms
  9912 | D:7      | Reached skill level 5 in Staves
  9912 | D:7      | Reached skill level 5 in Slings
  9912 | D:7      | Reached skill level 5 in Bows
  9912 | D:7      | Reached skill level 5 in Crossbows
  9912 | D:7      | Reached skill level 5 in Throwing
  9912 | D:7      | Reached skill level 5 in Armour
  9912 | D:7      | Reached skill level 5 in Shields
  9912 | D:7      | Reached skill level 5 in Unarmed Combat
  9912 | D:7      | Reached skill level 5 in Evocations
  9962 | Temple   | Entered the Ecumenical Temple
  9975 | Temple   | Became a worshipper of Sif Muna the Loreminder
 10200 | D:7      | Learned a level 6 spell: Iron Shot
 10277 | D:7      | Noticed Prince Ribbit
 10304 | D:7      | Killed Prince Ribbit
 10805 | D:8      | Noticed Maurice
 10850 | D:8      | Killed Maurice
 10850 | D:8      | Reached skill level 9 in Spellcasting
 10968 | D:8      | Found a radiant altar of Vehumet.
 11178 | D:8      | Reached skill level 5 in Conjurations
 11178 | D:8      | Reached skill level 5 in Summonings
 11178 | D:8      | Reached skill level 5 in Translocations
 11231 | D:8      | Noticed Psyche
 11243 | D:8      | Killed Psyche
 11393 | D:8      | Reached * piety under Sif Muna
 11425 | D:8      | Found a blossoming altar of Fedhas.
 11994 | D:9      | Noticed a two-headed ogre
 12009 | D:9      | Killed a two-headed ogre
 12009 | D:9      | Reached XP level 11. HP: 81/81 MP: 24/24
 12558 | D:9      | Found an ancient bone altar of Kikubaaqudgha.
 12642 | D:9      | Reached ** piety under Sif Muna
 12979 | D:10     | Entered Level 10 of the Dungeon
 13472 | D:10     | Reached skill level 5 in Hexes
 13472 | D:10     | Reached skill level 5 in Charms
 13472 | D:10     | Reached skill level 5 in Necromancy
 13472 | D:10     | Reached skill level 5 in Transmutations
 13472 | D:10     | Reached skill level 5 in Fire Magic
 13472 | D:10     | Reached skill level 5 in Ice Magic
 13472 | D:10     | Reached skill level 5 in Air Magic
 13472 | D:10     | Reached skill level 5 in Earth Magic
 13472 | D:10     | Reached skill level 5 in Poison Magic
 13488 | D:10     | Noticed a five-headed hydra
 13506 | D:10     | Killed a five-headed hydra
 13584 | D:10     | Found Ustrogg's Magic Scroll Shoppe.
 13589 | D:10     | Bought a scroll of enchant armour for 97 gold pieces
 13589 | D:10     | Bought a scroll of teleportation for 39 gold pieces
 13589 | D:10     | Bought a scroll of teleportation for 39 gold pieces
 13964 | D:10     | HP: 25/81 [orc warrior/war axe (17)]
 14534 | D:11     | Found a staircase to the Lair.
 14844 | D:11     | Noticed a manticore
 14866 | D:11     | Killed a manticore
 14872 | D:11     | HP: 30/82 [troll (12)]
 15151 | D:11     | Reached *** piety under Sif Muna
 15331 | D:11     | Noticed a purple ugly thing
 15351 | D:11     | Killed a purple ugly thing
 16308 | Lair:1   | Entered Level 1 of the Lair of Beasts
 16313 | Lair:1   | Noticed Gastronok
 16460 | Lair:1   | HP: 29/83 [Gastronok/the air (18)]
 16461 | Lair:1   | HP: 11/83 [Gastronok (19)]
 16463 | Lair:1   | Killed Gastronok
 16463 | Lair:1   | Reached XP level 12. HP: 12/89 MP: 25/25
 16841 | Lair:1   | Reached skill level 10 in Spellcasting
 17860 | Lair:1   | Noticed a six-headed hydra
 17877 | Lair:1   | HP: 35/91 [six-headed hydra (15)]
 17879 | Lair:1   | Killed a six-headed hydra
 19007 | Lair:2   | Reached **** piety under Sif Muna
 19657 | Lair:3   | HP: 43/91 [basilisk (6)]
 19680 | Lair:3   | HP: 43/91 [basilisk (6)]
 19692 | Lair:3   | HP: 35/91 [basilisk (5)]
 19918 | Lair:3   | Found a frozen archway.
 20004 | Lair:3   | HP: 40/91 [ice devil (9)]
 20005 | Lair:3   | HP: 19/91 [ice devil (18)]
 20009 | Lair:3   | Slain by an ice devil

Skill      XL: |  1  2  3  4  5  6  7  8  9 10 11 12 |
---------------+-------------------------------------+-----
Conjurations   | 2 3 4 5 6 |  6.6
Summonings     | 2 3 4 5 6 |  6.6
Translocations | 2 3 4 5 6 |  6.6
Invocations    | 1 2 3 4 5 6 7 8 |  8.2
Fighting       | 1 2 3 4 5 6 7 |  7.4
Short Blades   | 1 2 3 4 5 6 7 |  7.4
Long Blades    | 1 2 3 4 5 6 7 |  7.4
Axes           | 1 2 3 4 5 6 7 |  7.4
Maces & Flails | 1 2 3 4 5 6 7 |  7.4
Polearms       | 1 2 3 4 5 6 7 |  7.4
Staves         | 1 2 3 4 5 6 7 |  7.4
Slings         | 1 2 3 4 5 6 7 |  7.4
Bows           | 1 2 3 4 5 6 7 |  7.4
Crossbows      | 1 2 3 4 5 6 7 |  7.4
Throwing       | 1 2 3 4 5 6 7 |  7.4
Armour         | 1 2 3 4 5 6 7 |  7.4
Shields        | 1 2 3 4 5 6 7 |  7.4
Unarmed Combat | 1 2 3 4 5 6 7 |  7.4
Evocations     | 1 2 3 4 5 6 7 |  7.4
Hexes          | 1 2 3 4 5 6 |  6.2
Charms         | 1 2 3 4 5 6 |  6.2
Necromancy     | 1 2 3 4 5 6 |  6.2
Transmutations | 1 2 3 4 5 6 |  6.2
Fire Magic     | 1 2 3 4 5 6 |  6.2
Ice Magic      | 1 2 3 4 5 6 |  6.2
Air Magic      | 1 2 3 4 5 6 |  6.2
Earth Magic    | 1 2 3 4 5 6 |  6.2
Poison Magic   | 1 2 3 4 5 6 |  6.2
Dodging        | 5 6 7 8 |  8.8
Stealth        | 5 6 7 8 |  8.6
Spellcasting   | 8 9 10 | 10.3

Action                   |  1- 3 |  4- 6 |  7- 9 | 10-12 || total
-------------------------+-------+-------+-------+-------++-------
Melee: Spear             |       |     7 |    31 |    16 ||    54
       Quarterstaff      |       |     7 |   188 |   481 ||   676
       Unarmed           |       |       |    24 |       ||    24
       Bite              |       |       |    12 |    51 ||    63
       Trident           |       |       |       |    20 ||    20
 Cast: Magic Dart        |    84 |   207 |   260 |   390 ||   941
       Conjure Flame     |       |     2 |    14 |    32 ||    48
       Blink             |       |     1 |     2 |    10 ||    13
       Mephitic Cloud    |       |       |    12 |    20 ||    32
Invok: Divine Energy     |       |       |       |     1 ||     1
Evoke: Wand              |       |       |       |     1 ||     1
  Use: Scroll            |       |    12 |     7 |    12 ||    31
       Potion            |       |     1 |       |       ||     1
 Stab: Sleeping          |       |       |     9 |    13 ||    22
       Paralysed         |       |       |     3 |       ||     3
       Confused          |       |       |     1 |     7 ||     8
       Distracted        |       |       |     1 |       ||     1
  Eat: Chunk             |       |     8 |    14 |    34 ||    56
       Ration            |       |     1 |       |       ||     1
Armor: Robe              |     6 |    13 |    32 |       ||    51
       Skin              |       |     9 |    38 |       ||    47
       Leather armour    |       |       |    38 |   137 ||   175
Dodge: Dodged            |    17 |    63 |   191 |   377 ||   648

Vault maps used:
D:1:      lightli_iron_boxes, grunt_decor_fettered, cheibriados_altar_1
D:2:      first_ration, serial_forest, infiniplex_forest_lined_ring,
          infiniplex_forest_clump_long, infiniplex_forest_lined_corner,
          infiniplex_forest_clump_diagonal, infiniplex_forest_lined_3,
          infiniplex_forest_corner_1, infiniplex_forest_clump_small
D:3:      minmay_goblin_kobold_castle, uniq_crazy_yiuf_cottage
D:4:      minmay_statues_item, uniq_eustachio, uniq_duvessa
D:5:      serial_undead, serial_undead_c, serial_undead_f, serial_undead_d,
          serial_undead_d, serial_undead_c, serial_undead_a, serial_undead_b,
          serial_undead_d, serial_undead_e, serial_undead_c, hex_medium,
          uniq_grinder, uniq_menkaure, uniq_edmund
D:6:      bloody_trog, nicolae_dithmenos_through_a_glass_darkly,
          gup_sewer_entry_pipe, grunt_decor_resistance, lemuel_old_faithful,
          uniq_pikel, uniq_blork_the_orc
D:7:      minmay_temple_entry_junction_2, grunt_ogre_cave, uniq_prince_ribbit1
D:8:      fiery_altar_vehumet, fedhas_altar_2, uniq_psyche, uniq_maurice
D:9:      lemuel_coloured_pillars_altar
D:10:     serial_shops, kennysheep_little_box
D:11:     lair_entry_dummy, st_stairs_2
Temple:   regret_index_temple_mists
Lair:1:   uniq_gastronok
Lair:2:   serial_bayou_shore_a, infiniplex_staircase_pool_2, lemuel_fruit_fields
Lair:3:   minmay_lair_venomous_thicket, portal_ice_cave_demonic_guard,
          kennysheep_basilisk_garden, grunt_megastairs_4
Sewer:    sewer_co_cracked_pipes
